 Dungeon Crawl Stone Soup version 0.25.0-1-g7eea58d2a3 (webtiles) character file.

Game seed: 13935935896810365227

18 McIrco the Vexing (level 2, -4/19 HPs)
             Began as a Vampire Enchanter on June 13, 2020.
             Slain by a centaur (8 damage)
             ... on level 2 of the Dungeon.
             The game lasted 00:01:01 (735 turns).

McIrco the Vexing (Vampire Enchanter)                Turns: 735, Time: 00:01:02

Health: -4/19      AC:  2    Str:  7    XL:     2   Next: 48%
Magic:  5/5        EV: 13    Int: 17    God:
Gold:   87         SH:  0    Dex: 14    Spells: 4/5 levels left

rFire    . . .     SeeInvis +   a - +1 dagger
rCold    . . .     Gourm    .   (no shield)
rNeg     . . .     Faith    .   b - +0 robe
rPois    .         Spirit   .   (no helmet)
rElec    .         Reflect  .   (no cloak)
rCorr    .         Harm     .   (no gloves)
MR       .....                  (no boots)
Stlth    +++.......             (no amulet)
HPRegen  0.26/turn              (no ring)
MPRegen  0.09/turn              (no ring)

@: regenerating quickly
A: no food, fangs 3, see invisible, unbreathing
a: Exsanguinate


You were on level 2 of the Dungeon.
You were alive.

You visited 1 branch of the dungeon, and saw 2 of its levels.

You collected 87 gold pieces.

Inventory:

Hand Weapons
 a - a +1 dagger (weapon)
Armour
 b - a +0 robe (worn)
Scrolls
 c - a scroll of random uselessness {unknown}
 d - 5 scrolls of identify {unknown}
 f - a scroll of amnesia {unknown}
 h - a scroll of fear {unknown}
Potions
 e - a potion of degeneration {unknown}
 g - a potion of magic {unknown}
 i - a potion of brilliance {unknown}
 j - a potion of resistance {unknown}


   Skills:
 + Level 1.2 Short Blades
 + Level 2.3 Dodging
 + Level 4.5 Stealth
 + Level 2.0 Spellcasting
 * Level 5.4 Hexes


You had 4 spell levels left.
You knew the following spells:

 Your Spells              Type           Power        Failure   Level  Hunger
a - Corona                Hex            ###....      1%          1    N/A

Your spell library contained the following spells:

 Spells                   Type           Power        Failure   Level  Hunger
 Confusing Touch          Hex            ###.....     6%          3    N/A
 Tukima's Dance           Hex            ###.....     6%          3    N/A
 Ensorcelled Hibernation  Hex/Ice        ##....       10%         2    N/A
 Dazzling Flash           Conj/Hex       ##....       19%         3    N/A

Dungeon Overview and Level Annotations

Branches:
Dungeon (2/15)

Altars:


Innate Abilities, Weirdness & Mutations

You do not eat.
Your natural rate of healing is unusually fast.
You have razor-sharp teeth.
You have supernaturally acute eyesight. (SInv)
You can survive without breathing.


Message History

The centaur wields a +0 shortbow.
The centaur shoots an arrow.
The arrow hits you.
You see here an arrow.
The centaur shoots an arrow.
The arrow completely misses you.
The centaur unwields a +0 shortbow.
The centaur hits you!
A frilled lizard comes into view.
Found a ration.
Found a stone staircase leading up.
You are too injured to fight recklessly!
You are too injured to fight recklessly!
You are too injured to fight recklessly!
Casting: Corona (safe; 1% risk of failure)
Confirm with . or Enter, or press ? or * to list all spells.
You don't know that spell.
Unknown command.
Unknown command.
The centaur misses you. The centaur completely misses you.
The centaur hits you.
* * * LOW HITPOINT WARNING * * *
The centaur hits you!
You die...

## #### .. .... #.######
..... #########.#.....
.....####..!....#.......
..%.....#)......#.......
#.l)..........#(<...#
#.......#.....#.....#
#@..#.....#.....#
#.c.#..?..#.††..#
...#...#$....#.....##
<........#............
.........(......#.....
................#.....
....##................
....+.................
... ######...(......##


You could see a centaur and a frilled lizard.

Vanquished Creatures
  A dart slug (D:1)
  2 bats
  3 goblins
  A hobgoblin (D:1)
  2 jackals (D:1)
  3 kobolds
  A ball python (D:1)
  A frilled lizard (D:1)
14 creatures vanquished.

Notes
Turn   | Place    | Note
-------+----------+-------------------------------------------
     0 | D:1      | McIrco the Vampire Enchanter began the quest for the Orb.
     0 | D:1      | Reached XP level 1. HP: 13/13 MP: 3/3
   358 | D:1      | Reached skill level 5 in Hexes
   360 | D:1      | Reached XP level 2. HP: 14/19 MP: 5/5
   726 | D:2      | Noticed a centaur
   735 | D:2      | Slain by a centaur

Illustrated notes

Levels and vault maps discovered:
D:1:      onia_arrival_pyramid, layout_basic, serial_bayou_pond_b
D:2:      layout_basic, tgw_trog, overflow_temple_1_default,
          chequers_ecumenical_altar_simple_redux, first_ration

Skill      XL: |  1 |
---------------+----+-----
Hexes          | 5 |  5.4
Short Blades   | |  1.2
Dodging        | |  2.3
Stealth        | |  4.5
Spellcasting   | |  2.0

Action                   || total
-------------------------++-------
Melee: Dagger            ||    63
       Bite              ||     4
 Stab: Sleeping          ||     3
Armor: Robe              ||    21
Dodge: Dodged            ||    74
